 Dungeon Crawl Stone Soup version 0.29-a0-1052-g6990b1bffc (console) character file.

Game seed: 9942327152813505016

19254 odiv the Fighter (level 12, -5/98 HPs)
             Began as a Demonspawn Warper on Aug 17, 2022.
             Was an Elder of Lugonu.
             Slain by a boulder beetle (32 damage)
             ... on level 14 of the Dungeon on Aug 18, 2022.
             The game lasted 01:08:19 (24439 turns).

odiv the Fighter (Demonspawn Warper)               Turns: 24439, Time: 01:08:20

Health: -5/98      AC:  7    Str: 15    XL:     12   Next: 34%
Magic:  18/20      EV: 14    Int: 16    God:    Lugonu [****..]
Gold:   927        SH:  5    Dex: 13    Spells: 13/21 levels left

rFire   + + +      SeeInvis .   a - +2 whip (elec)
rCold   x . .      Faith    .   N - +0 buckler
rNeg    . . .      Spirit   .   H - +2 robe {rF+}
rPois   .          Reflect  .   r - +0 helmet
rElec   .          Harm     .   t - +0 cloak
rCorr   .          Rampage  .   Q - +0 pair of gloves
Will    .....                   (boots unavailable)
Stlth   +.........              (no amulet)
HPRegen 0.26/turn               R - ring of protection from fire
MPRegen 0.17/turn               x - ring of fire

@: on blink cooldown
A: claws 2, hooves 3, demonic guardian 2, demonic magic 1, weakness stinger 2
a: Renounce Religion, Depart the Abyss, Bend Space, Banish, Corrupt


You were on level 14 of the Dungeon.
You worshipped Lugonu.
Lugonu was greatly pleased with you.
You visited 3 branches of the dungeon, and saw 18 of its levels.

You collected 927 gold pieces.

Inventory:

Hand Weapons
 a - a +2 whip of electrocution (weapon)
 b - a +0 sling of flaming
 c - a +2 dagger of electrocution
 e - a +2 vampiric hand axe
 g - a +0 falchion
 i - a +0 sling
 u - a +3 vorpal flail
 z - a +0 dagger of venom
 P - a +0 great mace
 V - a +0 arbalest
Missiles
 d - 7 boomerangs of dispersal
 o - 163 stones
 p - 16 poisoned darts (quivered)
 S - 4 curare-tipped darts
 T - 2 boomerangs
 W - 2 javelins
Armour
 r - a +0 helmet (worn)
 t - a +0 cloak (worn)
 A - a +1 robe of willpower
 B - an orb of guile
 D - a +0 leather armour of fire resistance
 H - a +2 robe of fire resistance (worn)
 N - a +0 buckler (worn)
 Q - a +0 pair of gloves (worn)
Magical Staves
 j - a staff of conjuration
Jewellery
 x - a ring of fire (right hand)
 I - a ring of protection from cold
 R - a ring of protection from fire (left hand)
Wands
 q - a wand of mindburst (1)
 E - a wand of flame (6)
 K - a wand of polymorph (2)
Scrolls
 k - 3 scrolls of amnesia
 n - 2 scrolls of teleportation
 w - 2 scrolls of brand weapon
 y - a scroll of poison {unknown}
 G - a scroll of magic mapping
 U - a scroll of torment
 Y - a scroll of fear
Potions
 f - 5 potions of heal wounds
 h - 2 potions of resistance
 l - a potion of ambrosia {unknown}
 m - 6 potions of curing
 s - 4 potions of might
 v - 2 potions of flight
 C - a potion of attraction
 F - 3 potions of invisibility
 J - a potion of degeneration {unknown}
 L - a potion of magic
 M - 3 potions of brilliance
 O - 4 potions of haste
 X - a potion of cancellation {unknown}


   Skills:
 - Level 10.3 Fighting
 - Level 1.7 Long Blades
 + Level 10.3 Maces & Flails
 - Level 0.8 Throwing
 - Level 0.8 Armour
 - Level 6.0 Dodging
 - Level 5.0 Shields
 - Level 5.4 Spellcasting
 - Level 7.2 Translocations
 - Level 9.0 Invocations


You had 13 spell levels left.
You knew the following spells:

 Your Spells              Type           Power      Damage    Failure   Level
a - Gell's Gravitas       Tloc           27%        N/A       3%          3
b - Blink                 Tloc           54%        N/A       1%          2
c - Teleport Other        Tloc           27%        N/A       3%          3

Your spell library contained the following spells:

 Spells                   Type           Power      Damage    Failure   Level
 Lesser Beckoning         Tloc           27%        N/A       3%          3
 Manifold Assault         Tloc           27%        N/A       26%         5
 Poisonous Vapours        Pois/Air       8%         N/A       28%         2
 Frozen Ramparts          Ice            8%         1d2       50%         3
 Corpse Rot               Necr/Pois/Air  4%         N/A       88%         4
 Ice Form                 Ice/Tmut       4%         N/A       88%         4
 Summon Ice Beast         Ice/Summ       4%         N/A       88%         4
 Storm Form               Tmut/Air       2%         N/A       100%        7


Dungeon Overview and Level Annotations

Branches:
Dungeon (14/15)            Temple (0/1) D:6            Lair (2/5) D:8
    Orc (2/2) D:12            Elf (0/3) Orc:2
  Swamp: Lair:2-3    Shoals: Lair:2-3     Snake: Lair:2-3    Spider: Lair:2-3
 Vaults: D:13-14

Altars:
Ashenzari
Dithmenos
Fedhas
Gozag
Hepliaklqana
Kikubaaqudgha
Makhleb
Okawaru
Trog
Uskayaw
Vehumet
Yredelemnul
Lugonu

Annotations:
D:4 Pikel
D:13 Azrael
Lair:2 Amaemon


Innate Abilities, Weirdness & Mutations

You have very sharp fingernails.
You have hooves in place of feet.
A demonic guardian rushes to your aid.
Spells you cast may paralyse adjacent enemies.
You have a tail ending in a sharp stinger.


Message History

Throw: 19 darts (poison)
Press: ? - help, Q - select action, (/) - cycle Shift-Dir - straight line, f/p - cyclops
Aim: a cyclops, quivering large rocks (lightly wounded, very poisoned, 87% to hit)
You throw a poisoned dart. The poisoned dart hits the cyclops.
The cyclops looks even sicker.
The cyclops is lightly wounded.
The cyclops throws a large rock.
The large rock hits you!
Throw: 18 darts (poison)
Press: ? - help, Q - select action, (/) - cycle Shift-Dir - straight line, f/p - cyclops
Aim: a cyclops, quivering large rocks (lightly wounded, very poisoned, 87% to hit)
You throw a poisoned dart. The poisoned dart hits the cyclops.
The cyclops is lightly wounded.
The cyclops throws a large rock.
The large rock hits you!!
The cyclops throws a large rock.
The large rock hits you!
Throw: 17 darts (poison)
Press: ? - help, Q - select action, (/) - cycle Shift-Dir - straight line, f/p - cyclops
Aim: a cyclops, quivering large rocks (lightly wounded, very poisoned, 87% to hit)
You throw a poisoned dart. The poisoned dart hits the cyclops.
The cyclops looks even sicker.
The cyclops is lightly wounded.
You hit the cyclops but do no damage.
You tail-slap the cyclops, but do no damage.
The cyclops is lightly wounded.
You barely miss the cyclops.
The cyclops is lightly wounded.
A boulder beetle comes into view.
The cyclops hits you!
* * * LOW HITPOINT WARNING * * *
Unknown command.
Casting: Gell's Gravitas (mildly dangerous; 3% risk of failure)
Confirm with . or Enter, or press ? or * to list all spells.
You blink.
Malevolent energies surge around you.
The boulder beetle curls into a ball and begins rolling!
Unknown command.
Casting: Blink (safe; 1% risk of failure)
Confirm with . or Enter, or press ? or * to list all spells.
You are still too unstable to blink.
The cyclops throws a large rock.
The large rock barely misses you. The boulder beetle hits you!!
You die...

##.......# #.#
#........####.#
##..##.........#
#.....^......##### #######
#.....#...##.# #.. .......
#..#....#.##.# #.# .......
).........##.###.###...((..
#.......## #.##......((....
#.###.#.####.##.@..§C......
#............##.B.......$..
####...########○####.......
#...# ##.......# .######
#...# #..#...#....# #...#
#.###.###.#.#
####...###...### ...#
...........### # .##
.........>..#..)# #


You could see a boulder beetle (rolling) and a cyclops (very poisoned).

Vanquished Creatures
  A hydra (D:14)
  A centaur warrior (D:14)
  A two-headed ogre (D:12)
  A tengu warrior (D:12)
  An orc sorcerer (Orc:1)
  2 deep elf pyromancers (D:13)
  2 ugly things (D:12)
  2 cyclopes (D:13)
  A gargoyle (D:12)
  A troll (D:12)
  3 polar bears (Lair:1)
  2 slime creatures (D:13)
  3 wraiths
  3 wyverns
  10 yaks
  2 fire elementals (D:12)
  4 vampire mosquitoes
  A warg (D:12)
  Edmund (D:4)
  5 water moccasins
  A hell hound (D:12)
  4 black bears
  5 orc warriors
  5 ogres
  6 centaurs
  4 lemures (D:5)
  A kobold brigand (D:8)
  5 bullfrogs
  A necrophage (D:5)
  4 scorpions
  4 killer bees
  5 howler monkeys
  An electric eel (D:10)
  6 orc priests
  2 gnoll boudas
  A hound (D:4)
  4 iguanas
  9 orc wizards
  Robin (D:4)
  7 gnolls
  10 adders
  2 ufetubi (D:4)
  A worm (D:4)
  3 dart slugs
  41 orcs
  5 ball pythons
  3 bats
  4 endoplasms
  A giant cockroach (D:1)
  14 goblins
  7 hobgoblins
  11 kobolds
  6 quokkas
  3 frilled lizards (D:1)
  6 rats
240 creatures vanquished.

Vanquished Creatures (collateral kills)
  A two-headed ogre (D:11)
  An ugly thing (D:13)
  A manticore (D:14)
  2 slime creatures (D:13)
  8 yaks
  3 vampire mosquitoes (D:11)
  A hell hound (D:12)
  A water moccasin (Lair:1)
  An ogre (Orc:2)
  A centaur (D:13)
  Terence (D:3)
  A gnoll (D:4)
  A goblin (D:4)
23 creatures vanquished.

Vanquished Creatures (others)
  37 fungi
  50 plants
  A withered plant (D:8)
88 creatures vanquished.

Grand Total: 351 creatures vanquished

Notes
Turn   | Place    | Note
-------+----------+-------------------------------------------
     0 | D:1      | odiv the Demonspawn Warper began the quest for the Orb.
     0 | D:1      | Reached XP level 1. HP: 16/16 MP: 3/3
   382 | D:1      | Found a faded altar of an unknown god.
   446 | D:1      | Prayed at the altar of an unknown god.
   446 | D:1      | Became a worshipper of Lugonu the Unformed
   446 | D:1      | Reached * piety under Lugonu
   446 | D:1      | Reached ** piety under Lugonu
   452 | D:1      | Gained mutation: A weak demonic guardian rushes to your
                  | aid. [demonic ancestry]
   452 | D:1      | Reached XP level 2. HP: 22/23 MP: 5/5
   455 | D:1      | Learned a level 2 spell: Blink
  1026 | D:2      | Discovered your monstrous ancestry.
  1026 | D:2      | Gained mutation: You have a small tail. [demonic ancestry]
  1026 | D:2      | Reached XP level 3. HP: 24/29 MP: 6/6
  1207 | D:2      | Found a basalt altar of Yredelemnul.
  1853 | D:3      | Noticed Terence
  2437 | D:4      | Gained mutation: You have a tail ending in a sharp stinger.
                  | [demonic ancestry]
  2437 | D:4      | Reached XP level 4. HP: 35/35 MP: 7/7
  2457 | D:4      | Reached *** piety under Lugonu
  2837 | D:3      | Gained mutation: You have large cloven feet. [demonic
                  | ancestry]
  2837 | D:3      | Reached XP level 5. HP: 27/42 MP: 8/8
  3112 | D:3      | Killed Terence
  3949 | D:4      | Reached skill level 1 in Invocations
  4221 | D:4      | Noticed Edmund
  4397 | D:5      | Entered Level 5 of the Dungeon
  4403 | D:4      | Noticed Robin
  4582 | D:4      | Gained mutation: You have sharp fingernails. [demonic
                  | ancestry]
  4582 | D:4      | Reached XP level 6. HP: 39/50 MP: 9/9
  5014 | D:4      | Reached skill level 5 in Fighting
  5159 | D:4      | Killed Edmund
  5160 | D:4      | Reached skill level 5 in Translocations
  5160 | D:4      | Reached XP level 7. HP: 34/56 MP: 10/10
  5294 | D:4      | Killed Robin
  5769 | D:4      | Learned a level 3 spell: Gell's Gravitas
  5947 | D:5      | Noticed Pikel
  6812 | D:5      | Reached skill level 5 in Invocations
  6818 | D:5      | Gained mutation: You have hoof-like feet. [demonic
                  | ancestry]
  6818 | D:5      | Reached XP level 8. HP: 64/64 MP: 12/12
  6892 | D:5      | Reached **** piety under Lugonu
  7577 | D:6      | Learned a level 3 spell: Teleport Other
  7766 | D:6      | Found a staircase to the Ecumenical Temple.
  8337 | D:7      | HP: 2/64 [orc warrior/+0 war axe (20)]
  8792 | D:7      | HP: 1/64 [orc/+0 flail (9)]
  9575 | D:7      | Found a bloodstained altar of Trog.
  9734 | D:7      | Gained mutation: A demonic guardian rushes to your aid.
                  | [demonic ancestry]
  9734 | D:7      | Reached XP level 9. HP: 25/69 MP: 15/15
 10840 | D:8      | Found a hide-covered altar of Uskayaw.
 10974 | D:8      | Found a basalt altar of Yredelemnul.
 10993 | D:8      | Reached skill level 5 in Spellcasting
 11352 | D:8      | Noticed a komodo dragon
 11411 | D:8      | Banished a komodo dragon
 11678 | D:8      | Found a staircase to the Lair.
 11902 | D:8      | Reached skill level 1 in Maces & Flails
 11902 | D:8      | Reached skill level 5 in Dodging
 12178 | D:8      | Gained mutation: You have very sharp fingernails. [demonic
                  | ancestry]
 12178 | D:8      | Reached XP level 10. HP: 51/77 MP: 18/18
 12622 | D:9      | Noticed a manticore
 12625 | D:8      | Banished a manticore
 13091 | D:8      | Reached skill level 1 in Shields
 13301 | Lair:1   | Entered Level 1 of the Lair of Beasts
 14692 | Lair:2   | Reached skill level 5 in Shields
 15078 | Lair:2   | Noticed Amaemon
 15078 | Lair:2   | Noticed an orange demon
 15088 | Lair:2   | Noticed a torpor snail
 15806 | D:10     | Entered Level 10 of the Dungeon
 16081 | D:10     | Found a broken altar of Ashenzari.
 16081 | D:10     | Found an opulent altar of Gozag.
 16081 | D:10     | Found an iron altar of Okawaru.
 16085 | D:10     | Found a blossoming altar of Fedhas.
 16086 | D:10     | Found a burning altar of Makhleb.
 16101 | D:10     | Found an ancient bone altar of Kikubaaqudgha.
 16101 | D:10     | Found a shadowy altar of Dithmenos.
 16104 | D:10     | Found a radiant altar of Vehumet.
 16106 | D:10     | Found a hazy altar of Hepliaklqana.
 17040 | D:10     | Noticed a two-headed ogre
 17046 | D:10     | Banished a two-headed ogre
 17047 | D:10     | Gained mutation: You have hooves in place of feet. [demonic
                  | ancestry]
 17047 | D:10     | Reached XP level 11. HP: 61/87 MP: 10/19
 17459 | D:11     | Reached skill level 5 in Maces & Flails
 17960 | D:11     | Noticed a two-headed ogre
 17972 | D:11     | Killed a two-headed ogre
 19157 | D:12     | Found a staircase to the Orcish Mines.
 19177 | D:12     | Noticed a two-headed ogre
 19189 | D:12     | Killed a two-headed ogre
 20055 | D:12     | Noticed a red ugly thing
 20063 | D:12     | Noticed a red ugly thing
 20084 | D:12     | Killed a red ugly thing
 20085 | D:12     | Reached skill level 10 in Fighting
 20086 | D:12     | Killed a white ugly thing
 20756 | D:13     | Noticed a tengu warrior
 20758 | D:13     | Noticed a tengu warrior
 20758 | D:13     | Noticed a deep elf pyromancer
 20886 | Orc:1    | Entered Level 1 of the Orcish Mines
 20886 | Orc:1    | Noticed an orc sorcerer
 20898 | Orc:1    | Killed an orc sorcerer
 21294 | Orc:2    | Entered Level 2 of the Orcish Mines
 21574 | D:13     | Noticed Azrael
 21575 | D:13     | Noticed an eight-headed hydra
 21942 | D:13     | Noticed a five-headed hydra
 22000 | D:13     | Noticed a deep elf pyromancer
 22026 | D:13     | Killed a deep elf pyromancer
 22053 | D:13     | Noticed a cyan ugly thing
 22379 | D:13     | You fall into a shaft and drop 1 floor!
 22441 | D:13     | Killed a cyan ugly thing
 22726 | D:13     | Gained mutation: Spells you cast may paralyse adjacent
                  | enemies. [demonic ancestry]
 22726 | D:13     | Reached XP level 12. HP: 88/98 MP: 20/20
 23062 | D:12     | Killed a tengu warrior
 24144 | D:14     | Noticed a centaur warrior
 24157 | D:14     | Killed a centaur warrior
 24158 | D:14     | Reached skill level 10 in Maces & Flails
 24181 | D:14     | Noticed a four-headed hydra
 24190 | D:14     | Killed a four-headed hydra
 24437 | D:14     | Noticed a boulder beetle
 24439 | D:14     | Slain by a boulder beetle

Illustrated notes

Levels and vault maps discovered:
D:1:      dpeg_arrival_erosion, layout_basic, hellmonk_ecumenical_altar_blasted
D:2:      layout_loops_ring, basic_altar, minmay_misc_feat_five,
          kennysheep_path_1
D:3:      layout_basic, uniq_terence
D:4:      layout_rooms, uniq_robin, uniq_edmund
D:5:      layout_cave_pools, uniq_pikel
D:6:      layout_cave_pods, minmay_temple_entry_wispy,
          hangedman_abyss_or_decor_stagger
D:7:      layout_basic, trog_butcher_becter, grunt_decor_fettered
D:8:      layout_loops_ring, yredelemnul_altar_generic,
          nicolae_uskayaw_suspiria, due_lair_maze_entry_diamond
D:9:      layout_rooms
D:10:     layout_basic, lemuel_blue_sif_altar,
          nicolae_overflow_hallway_of_the_gods
D:11:     layout_basic
D:12:     layout_basic, david_orc_3, serial_park_tiny_1
D:13:     layout_small_grid, uniq_azrael
D:14:     layout_loops_cross, david_vaults_4, minmay_between
Lair:1:   layout_gridlike, cheibrodos_lair_lostbears
Lair:2:   layout_cave_pods, chequers_serial_rivers_large_a, uniq_amaemon
Orc:1:    layout_diamond_mine, serial_shops, shop, nicolae_shop_hallway_plus,
          nicolae_shop_temple_entry_statues_fountains, nicolae_orc_lava_tube
Orc:2:    st_orc_rangers, layout_caves, minmay_orc_treasury

Skill      XL: |  1  2  3  4  5  6  7  8  9 10 11 12 |
---------------+-------------------------------------+-----
Translocations | 3 4 5 6 7 |  7.2
Fighting       | 3 4 5 6 8 10 | 10.3
Invocations    | 2 3 5 6 8 9 |  9.0
Spellcasting   | 3 4 5 |  5.4
Dodging        | 2 3 5 6 |  6.0
Maces & Flails | 1 4 8 10 | 10.3
Shields        | 5 |  5.0
Long Blades    | |  1.7
Throwing       | |  0.8
Armour         | |  0.8

Action                   |  1- 3 |  4- 6 |  7- 9 | 10-12 || total
-------------------------+-------+-------+-------+-------++-------
Melee: Falchion          |    26 |       |       |       ||    26
       Dagger            |    58 |    79 |    22 |       ||   159
       Tailslap          |     4 |     6 |    34 |    77 ||   121
       Kick              |       |    25 |    94 |   151 ||   270
       Punch             |       |     1 |     6 |       ||     7
       Whip              |       |    30 |   114 |   333 ||   477
       Hand axe          |       |       |   108 |       ||   108
       Flail             |       |       |     7 |    75 ||    82
 Fire: Sling             |    41 |    69 |   104 |    93 ||   307
Throw: Dart              |       |     1 |    41 |    77 ||   119
       Stone             |       |       |     6 |     1 ||     7
       Boomerang         |       |       |       |    21 ||    21
       Javelin           |       |       |       |     6 ||     6
 Cast: Blink             |     1 |       |     5 |    14 ||    20
       Gell's Gravitas   |       |       |     5 |     4 ||     9
       Teleport Other    |       |       |     3 |       ||     3
Invok: Bend Space        |       |     1 |     2 |     2 ||     5
       Banish            |       |       |     3 |     4 ||     7
Evoke: Wand              |       |     8 |    11 |     8 ||    27
  Use: Scroll            |       |     3 |     6 |    10 ||    19
       Potion            |       |       |     7 |       ||     7
 Stab: Sleeping          |       |       |     1 |       ||     1
       Distracted        |       |       |     1 |       ||     1
       Paralysed         |       |       |       |     9 ||     9
Armor: Leather armour    |    23 |    11 |    68 |    46 ||   148
       Robe              |       |    24 |       |    77 ||   101
Dodge: Dodged            |    51 |    68 |   193 |   245 ||   557
Block: Buckler           |       |       |       |   117 ||   117

Table legend: (Time is in decaauts)
 A = Elapsed time spent in this place.
 B = Non-inter-level travel time spent in this place.
 C = Inter-level travel time spent in this place.
 D = Time resting spent in this place.
 E = Time spent auto-exploring this place.
 F = Levels seen in this place.
 G = Mean time per level.
                   A        B        C        D        E       F      G
               +--------+--------+--------+--------+--------+-----+--------+
         Total |  24479 |  23130 |   1349 |  10596 |   8152 |  18 | 1359.9 |
       Dungeon |  21901 |  20732 |   1169 |   9659 |   7055 |  14 | 1564.4 |
          Lair |   1907 |   1741 |    166 |    452 |   1045 |   2 |  953.5 |
  Orcish Mines |    671 |    658 |     13 |    485 |     52 |   2 |  335.5 |
               +--------+--------+--------+--------+--------+-----+--------+

Top non-repeatable levels by time:
    D:12: 2753 daAuts
     D:8: 2404 daAuts
     D:7: 2177 daAuts
     D:4: 1986 daAuts
    D:11: 1868 daAuts
     D:3: 1861 daAuts
  Lair:1: 1699 daAuts
     D:5: 1690 daAuts
    D:13: 1345 daAuts
     D:6: 1258 daAuts
    D:10: 994 daAuts
     D:2: 981 daAuts
     D:1: 956 daAuts
     D:9: 953 daAuts
    D:14: 669 daAuts
